 Dungeon Crawl Stone Soup version 0.32-a0-314-g526f7d4993 (webtiles) character file.

Game seed: 17793484236372207582

542 Bnni the Chopper (level 7, 0/62 HPs)
             Began as a Mountain Dwarf Fighter on Feb 16, 2024.
             Slain by an orc wizard
             ... wielding a +2 dagger of venom
              (1 damage)
             ... on level 4 of the Dungeon.
             The game lasted 00:05:04 (2283 turns).

Bnni the Chopper (Mountain Dwarf Fighter)           Turns: 2283, Time: 00:05:05

Health: 0/62       AC:  8    Str: 20    XL:     7   Next: 6%
Magic:  7/7        EV: 14    Int:  9    God:
Gold:   173        SH:  4    Dex:  9    Spells: 6/6 levels left

rFire   . . .        a - +0 war axe
rCold   . . .        c - +0 buckler
rNeg    + . .        b - +0 scale mail
rPois   .            (no helmet)
rElec   .            (no cloak)
rCorr   .            (no gloves)
SInv    .            s - +0 pair of boots
Will    .....        x - amulet of faith Stlth
                     m - ring of positive energy
HPRegen 0.30/turn    i - +5 ring of evasion
MPRegen 0.10/turn

%: faith
@: brilliant, lethally poisoned (0 -> -10)
A: runic magic, artefact enchanting
a: no special abilities


You were on level 4 of the Dungeon.
You visited 1 branch of the dungeon, and saw 4 of its levels.

You collected 173 gold pieces.

Inventory:

Hand Weapons
 a - a +0 war axe (weapon)
Missiles
 q - 5 poisoned darts (quivered)
 u - 5 javelins
Armour
 b - a +0 scale mail (worn)
 c - a +0 buckler (worn)
 s - a +0 pair of boots (worn)
Jewellery
 i - a +5 ring of evasion (right hand)
 m - a ring of positive energy (left hand)
 w - a ring of flight
 x - an amulet of faith (around neck)
Scrolls
 g - a scroll of amnesia {unknown}
 j - a scroll of poison {unknown}
 o - 2 scrolls of noise {unknown}
 r - a scroll of teleportation {unknown}
 v - a scroll of immolation {unknown}
Potions
 d - a potion of might
 f - 3 potions of lignification
 k - 3 potions of berserk rage
 l - a potion of resistance
 t - a potion of heal wounds {unknown}


   Skills:
 + Level 5.8 Fighting
 * Level 7.7 Axes
 - Level 3.2 Armour
 - Level 3.2 Shields


You had 6 spell levels left.
You didn't know any spells.
Your spell library contained the following spells:

 Spells                   Type           Power      Damage    Failure   Level
 Summon Ice Beast         Ice/Summ       0%         N/A       89%         3
 Summon Mana Viper        Hex/Summ       0%         N/A       100%        5
 Monstrous Menagerie      Summ           0%         N/A       100%        7


Dungeon Overview and Level Annotations

Branches:
Dungeon (4/15)
 Temple: D:4-7

Altars:
Cheibriados


Innate Abilities, Weirdness & Mutations

Your spellcasting is much less encumbered by armour.
You can use scrolls of enchantment on lesser artefacts.


Message History

You feel better.
The orc wizard hits you but does no damage. x2
You are poisoned.
Unknown command.
You hit the orc wizard.
You kill the orc wizard!
You hit the orc wizard.
You feel very sick.
The orc wizard gestures at you while chanting.
The puff of flame hits you.
* * * LOW HITPOINT WARNING * * *
You hit the orc wizard.
The orc wizard is almost dead.
You feel sick.
The orc wizard mumbles some strange words.
The orc wizard flickers and vanishes!
Deactivating autopickup; reactivate with Ctrl-A.
Something hits you but does no damage.
You are more poisoned.
Unknown command.
You barely miss something.
* * * LOW HITPOINT WARNING * * *
You feel very sick. Something barely misses you.
Unknown command.
You miss something.
You feel sick. Something hits you but does no damage.
You are lethally poisoned!
Unknown command.
You barely miss something.
* * * LOW HITPOINT WARNING * * *
You feel very sick.
You hear some strange, mumbled words.
Something tries to affect you, but you resist.
Unknown command.
It was a potion of brilliance.
You feel clever all of a sudden.
* * * LOW HITPOINT WARNING * * *
You feel very sick. Something hits you.
You die...

## #. #. ###. ... #{##
#)@# # ##)#.#
#.###.#.# #.......###
#######.#
#####.###.####.......#
#.##.#........#
#..)###.##.##.#
####.#.....##.#
##.#.#####<#


There were no monsters in sight!

Vanquished Creatures
  The ghost of Drangen the Digger, an amateur GrEE (D:3)
  A phantom (D:4)
  A scorpion (D:3)
  Jessica (D:2)
  Natasha (thrice) (D:2)
  2 orc wizards
  2 adders
  6 dart slugs
  3 ribbon worms (D:2)
  6 orcs
  5 bats
  4 endoplasms
  5 giant cockroaches
  5 goblins
  7 hobgoblins
  5 kobolds
  4 quokkas
  2 ball pythons
  2 frilled lizards (D:1)
  3 rats
68 creatures vanquished.

Notes
Turn   | Place    | Note
-------+----------+-------------------------------------------
     0 | D:1      | Bnni the Mountain Dwarf Fighter began the quest for the
                  | Orb.
     0 | D:1      | Reached XP level 1. HP: 19/19 MP: 1/1
    48 | D:1      | Reached skill level 3 in Axes
    50 | D:1      | Reached XP level 2. HP: 25/26 MP: 2/2
   306 | D:1      | Reached XP level 3. HP: 32/33 MP: 3/3
   393 | D:1      | Reached skill level 4 in Axes
   667 | D:2      | Reached XP level 4. HP: 37/40 MP: 4/4
   730 | D:2      | Noticed Natasha
   742 | D:2      | Killed Natasha
   918 | D:2      | Reached skill level 5 in Axes
  1071 | D:2      | Noticed Jessica
  1075 | D:2      | Noticed Natasha
  1084 | D:2      | HP: 2/41 [Jessica/+0 dagger (3)]
  1086 | D:2      | Killed Jessica
  1086 | D:2      | Killed Natasha
  1087 | D:2      | Reached XP level 5. HP: 3/47 MP: 5/5
  1182 | D:2      | Noticed Natasha
  1220 | D:2      | Killed Natasha
  1453 | D:3      | Reached skill level 6 in Axes
  1634 | D:3      | Reached skill level 5 in Fighting
  1634 | D:3      | Reached XP level 6. HP: 56/56 MP: 6/6
  1640 | D:3      | Found a runed translucent door.
  1640 | D:3      | Noticed Drangen's ghost (amateur GrEE)
  1664 | D:3      | Killed Drangen's ghost
  1665 | D:3      | Reached skill level 7 in Axes
  1781 | D:3      | Found a snail-covered altar of Cheibriados.
  1781 | D:3      | Noticed a torpor snail
  1781 | D:3      | Noticed a torpor snail
  1823 | D:3      | Noticed a torpor snail
  2271 | D:4      | Reached XP level 7. HP: 62/62 MP: 7/7
  2283 | D:4      | HP: 1/62 [poisoned by an orc wizard]
  2283 | D:4      | Slain by an orc wizard

Illustrated notes

Levels and vault maps discovered:
D:1:      lordsloth_arrival_two_stooges, layout_basic, minmay_heptomino_l4
D:2:      layout_basic, uniq_jessica, uniq_natasha
D:3:      layout_basic, cheibriados_altar_2, gammafunk_ghost_grave,
          kennysheep_generic_room_5
D:4:      cheibrodos_pilgrimage, layout_loops_cross,
          nicolae_overflow_quartered_altars,
          minmay_temple_entry_enclosed_plants, uniq_grinder,
          uniq_crazy_yiuf_cottage

Skill      XL: |  1  2  3  4  5  6 |
---------------+-------------------+-----
Axes           | 3 4 5 6 7 |  7.7
Fighting       | 4 5 |  5.8
Armour         | |  3.2
Shields        | |  3.2

Action                     |  1- 3 |  4- 6 |  7- 9 || total
---------------------------+-------+-------+-------++-------
  Melee: War axe           |    67 |   127 |    11 ||   205
    Use: Scroll            |       |     5 |       ||     5
         Potion            |       |       |     2 ||     2
 Armour: Scale mail        |    37 |    88 |    17 ||   142
  Dodge: Dodged            |    29 |   100 |     5 ||   134
  Block: Buckler           |    13 |    23 |     2 ||    38

Table legend: (Time is in decaauts)
 A = Elapsed time spent in this place.
 B = Non-inter-level travel time spent in this place.
 C = Inter-level travel time spent in this place.
 D = Time resting spent in this place.
 E = Time spent auto-exploring this place.
 F = Levels seen in this place.
 G = Mean time per level.
                   A        B        C        D        E       F      G
               +--------+--------+--------+--------+--------+-----+--------+
         Total |   2341 |   2294 |     47 |    181 |   1598 |   4 |  585.2 |
       Dungeon |   2341 |   2294 |     47 |    181 |   1598 |   4 |  585.2 |
               +--------+--------+--------+--------+--------+-----+--------+

Top non-repeatable levels by time:
     D:2: 892 daAuts
     D:3: 765 daAuts
     D:1: 599 daAuts
     D:4: 84 daAuts
